[Event "Titled Tuesday Blitz July 4 Early 2023"]
[White "Weetik, Vjacheslav"]
[Black "Parpiev, Isaak"]
[WhiteFideId "4153472"]
[BlackFideId "34281576"]
[WhiteElo "2746"]
[BlackElo "2577"]
[Result "1-0"]
[Round "11"]
[TimeControl "180+2"]
[Date "2023.07.04"]
[WhiteClock "0:00:02"]
[BlackClock "0:00:00"]
[Board "36"]

1. d4 Nf6 2. c4 c5 3. d5 b5 4. cxb5 a6 5. b6 Qxb6 6. Nc3 d6 7. e4 g6 8. h3 Bg7 9. Nf3 O-O 10. Bd3 a5 11. Nd2 Ba6 12. Nc4 Bxc4 13. Bxc4 Qb4 14. Bd3 Nxe4 15. O-O Nxc3 16. bxc3 Qxc3 17. Rb1 Qd4 18. Qc2 Na6 19. a3 Nc7 20. Rd1 Qc3 21. Qe2 Qe5 22. Qf3 Qf6 23. Qe4 Rab8 24. Bd2 Qe5 25. Qxe5 Bxe5 26. Bc4 Ra8 27. Rb7 Rfc8 28. a4 Kg7 29. Re1 Bf6 30. Reb1 h5 31. R1b6 h4 32. Rc6 Ne8 33. Rxc8 Rxc8 34. Bb5 Nc7 35. Bd7 Nxd5 36. Bxc8 Nb4 37. Bd7 d5 38. Bxb4 cxb4 39. Bc6 d4 40. Bd5 1-0


[Site "https://www.chess.com"]

[Event "Titled Tuesday Blitz July 4 Early 2023"]
[White "Wagner, Dennis"]
[Black "Mindhunter08"]
[WhiteFideId "24650684"]
[WhiteElo "2729"]
[BlackElo "2366"]
[Result "1-0"]
[Round "11"]
[TimeControl "180+2"]
[Date "2023.07.04"]
[WhiteClock "0:00:12"]
[BlackClock "0:00:01"]
[Board "37"]

1. e4 e5 2. Nf3 Nc6 3. Bb5 a6 4. Ba4 Nf6 5. O-O Be7 6. Re1 b5 7. Bb3 d6 8. c3 O-O 9. h3 Nb8 10. d4 Nbd7 11. Nbd2 Bb7 12. Bc2 Re8 13. Nf1 Bf8 14. Ng3 g6 15. a4 c5 16. d5 c4 17. Bg5 Qc7 18. Qd2 Be7 19. Bh6 Nc5 20. Nf5 bxa4 21. Nxe7+ Qxe7 22. Bg5 Nb3 23. Bxb3 axb3 24. Nh2 h5 25. Qe2 Kg7 26. Qf3 Rec8 27. Ra5 Rc7 28. Nf1 Rh8 29. h4 Bc8 30. Ne3 Bg4 31. Qg3 Qe8 32. Bxf6+ Kxf6 33. Rxa6 Qd8 34. Rea1 Kg7 35. R1a4 Qd7 36. Nxc4 Be2 37. Nxd6 Bxa6 38. Rxa6 Kh7 39. Qxe5 Qe7 40. Qxe7 Rxe7 41. c4 Rd8 42. c5 f5 43. f3 fxe4 44. fxe4 Kg7 45. Rb6 Kh7 46. Rxb3 Kg7 47. Rf3 Rc7 48. b4 Ra8 49. Rc3 Ra1+ 50. Kh2 Rb1 51. b5 Kf6 52. b6 Rxb6 53. Rf3+ Ke5 54. Nc4+ Kd4 55. cxb6 Rxc4 56. Rb3 Kc5 57. b7 1-0


[Site "https://www.chess.com"]

[Event "Titled Tuesday Blitz July 4 Early 2023"]
[White "Howell, David W L"]
[Black "Shubenkova, Veronika"]
[WhiteFideId "410608"]
[BlackFideId "44124040"]
[WhiteElo "2996"]
[BlackElo "2538"]
[Result "1-0"]
[Round "11"]
[TimeControl "180+2"]
[Date "2023.07.04"]
[WhiteClock "0:00:08"]
[BlackClock "0:00:00"]
[Board "38"]

1. d4 d5 2. c4 e6 3. Nc3 f5 4. e3 Nf6 5. Qc2 c6 6. Bd3 Ne4 7. Nge2 Bd6 8. O-O O-O 9. f3 Nxc3 10. bxc3 Qf6 11. Bd2 e5 12. cxd5 cxd5 13. e4 dxe4 14. fxe4 f4 15. Nxf4 exf4 16. e5 Bxe5 17. dxe5 Qxe5 18. Rae1 Qc5+ 19. Kh1 f3 20. Bxh7+ Kh8 21. Rxf3 Rxf3 22. gxf3 Qh5 23. Re3 Bd7 24. Bg6 Qh3 25. Qd1 Na6 26. Be4 Nc5 27. f4 Qh4 28. Bg2 Rf8 29. Be1 Qxf4 30. Qh5+ Kg8 31. Qxc5 Bc6 32. Rg3 Re8 33. Qg1 Bxg2+ 34. Rxg2 Qf3 35. Qf2 Qd1 36. Rg1 Re2 37. Qd4 Qxd4 38. cxd4 Rxa2 39. Bg3 Kf7 40. Be5 g6 41. Rc1 Rb2 42. Kg1 a5 43. Rc8 Ke6 44. Re8+ Kf5 45. Kf1 a4 46. Ra8 Rb4 47. Ke1 b5 48. Kd2 Rb2+ 49. Kc3 Rb3+ 50. Kc2 Ke4 51. Bg7 Rh3 52. Re8+ Kd5 53. Rd8+ Kc4 54. Rc8+ Kd5 55. Rc5+ Ke4 56. Rxb5 Rxh2+ 57. Kc3 a3 58. Re5+ Kf4 59. Ra5 Rh3+ 60. Kc4 Kg4 61. d5 Rf3 62. d6 g5 63. d7 1-0


[Site "https://www.chess.com"]

[Event "Titled Tuesday Blitz July 4 Early 2023"]
[White "Molina, Roberto Junio Brito"]
[Black "Perez Candelario, Manuel"]
[WhiteFideId "2109450"]
[BlackFideId "2210622"]
[WhiteElo "2835"]
[BlackElo "2596"]
[Result "0-1"]
[Round "11"]
[TimeControl "180+2"]
[Date "2023.07.04"]
[WhiteClock "0:00:28"]
[BlackClock "0:00:12"]
[Board "39"]

1. e4 c5 2. Nf3 g6 3. d4 cxd4 4. Nxd4 Nc6 5. Nc3 Bg7 6. Be3 Nf6 7. Bc4 O-O 8. Bb3 d6 9. f3 Bd7 10. Qd2 Rc8 11. O-O-O Nxd4 12. Bxd4 b5 13. Nd5 Nxd5 14. Bxg7 Kxg7 15. Bxd5 a5 16. a3 Qc7 17. Kb1 b4 18. axb4 axb4 19. Bb3 Ra8 20. Qxb4 Kg8 21. Kc1 Qa7 22. Qd4 Qa5 23. Qc3 Qb6 24. Rhe1 Rfc8 25. Qe3 Qa5 26. e5 Ba4 27. exd6 Bxb3 28. Qxb3 exd6 29. Re7 Qg5+ 30. Qe3 Ra1+ 31. Kd2 Qxg2+ 32. Qe2 Qg5+ 33. Re3 Ra5 34. Kc1 Re8 35. Re1 Rae5 36. Kd2 Qf4 37. Qd3 Qxh2+ 38. R1e2 Qf4 39. c3 h5 40. Qd4 Qxd4+ 41. cxd4 Rxe3 42. Rxe3 Rb8 43. Kc3 Kg7 44. b4 h4 45. f4 Kf6 46. Rh3 g5 47. fxg5+ Kxg5 48. Kc4 Kg4 49. Rh1 h3 50. b5 Kg3 51. Kd5 Rxb5+ 52. Kxd6 Kg2 53. Rc1 h2 54. Rc2+ Kg3 55. Rc3+ Kg4 56. Rc1 f5 57. d5 f4 58. Ke5 f3 59. Ke4 Rb4+ 60. Ke3 Rb3+ 61. Kd4 Kg3 62. d6 Rb8 63. Ke3 Re8+ 64. Kd4 Kg2 65. d7 Rd8 66. Ke3 Rxd7 67. Rc2+ Kg3 68. Rc1 Re7+ 0-1


[Site "https://www.chess.com"]

[Event "Titled Tuesday Blitz July 4 Early 2023"]
[White "Janaszak, Dawid"]
[Black "Kosakowski, Jakub"]
[WhiteFideId "1119206"]
[BlackFideId "1185080"]
[WhiteElo "2593"]
[BlackElo "2817"]
[Result "1-0"]
[Round "11"]
[TimeControl "180+2"]
[Date "2023.07.04"]
[WhiteClock "0:00:14"]
[BlackClock "0:00:54"]
[Board "40"]

1. e4 c6 2. d4 d5 3. exd5 cxd5 4. Bd3 Nc6 5. c3 Qc7 6. Ne2 Bg4 7. O-O e6 8. Qe1 Nf6 9. Bg5 Bh5 10. Nf4 Bd6 11. g3 Bg6 12. Bxg6 hxg6 13. Na3 Ne4 14. Nb5 Qd7 15. Nxd6+ Qxd6 16. h4 Kd7 17. Nd3 Nxg5 18. hxg5 Rh5 19. Kg2 Rah8 20. Qe3 Rh2+ 21. Kf3 Kc8 22. Ke2 Ne7 23. Qe5 Qa6 24. Qxg7 Nf5 25. Qxf7 Nxg3+ 26. Ke3 Nf5+ 27. Kd2 Kb8 28. Qf6 Ka8 29. Rh1 Rxh1 30. Rxh1 Rc8 31. Rh8 Qc6 32. Ne5 Qc7 33. Rxc8+ Qxc8 34. Nxg6 Nd6 35. Ne7 Ne4+ 36. Ke3 Qe8 37. Qxe6 Nxg5 38. Qc8+ Qxc8 39. Nxc8 Kb8 40. Ne7 1-0


[Site "https://www.chess.com"]

[Event "Titled Tuesday Blitz July 4 Early 2023"]
[White "Ezat, Mohamed"]
[Black "Bharath Subramaniyam H"]
[WhiteFideId "10600906"]
[BlackFideId "46634827"]
[WhiteElo "2585"]
[BlackElo "2806"]
[Result "0-1"]
[Round "11"]
[TimeControl "180+2"]
[Date "2023.07.04"]
[WhiteClock "0:00:52"]
[BlackClock "0:01:38"]
[Board "41"]

1. d4 Nf6 2. c4 e6 3. Nc3 Bb4 4. e3 b6 5. a3 Bxc3+ 6. bxc3 Bb7 7. f3 O-O 8. Bd3 d6 9. Ne2 c5 10. O-O Nc6 11. e4 Rc8 12. Bg5 h6 13. Bh4 Ba6 14. f4 Qc7 15. Bxf6 gxf6 16. Ng3 Kh8 17. Nh5 Qe7 18. Qg4 Rg8 19. Qh4 f5 20. Nf6 Rg6 21. e5 cxd4 22. Rf3 dxe5 23. fxe5 Nxe5 0-1


[Site "https://www.chess.com"]

[Event "Titled Tuesday Blitz July 4 Early 2023"]
[White "Tristan, Leonardo"]
[Black "Kim, Sergey"]
[WhiteFideId "113816"]
[BlackFideId "13700570"]
[WhiteElo "2780"]
[BlackElo "2585"]
[Result "1-0"]
[Round "11"]
[TimeControl "180+2"]
[Date "2023.07.04"]
[WhiteClock "0:00:19"]
[BlackClock "0:00:00"]
[Board "42"]

1. d4 Nf6 2. Nf3 g6 3. Bf4 Bg7 4. e3 d6 5. Be2 O-O 6. O-O Nbd7 7. h3 b6 8. a4 a5 9. Bh2 Bb7 10. Nbd2 Ne4 11. Nxe4 Bxe4 12. Nd2 Bb7 13. Bf3 Qc8 14. c3 e5 15. Qb3 Re8 16. Rac1 Bxf3 17. Nxf3 Qb7 18. Rfd1 Qc6 19. c4 Rad8 20. Qb5 Qe4 21. Bg3 h6 22. Bh4 g5 23. Bg3 f5 24. dxe5 Nxe5 25. Nd4 f4 26. exf4 gxf4 27. Bh4 Rc8 28. Qd5+ Qxd5 29. cxd5 Rf8 30. Ne6 Rf7 31. Bd8 Ng6 32. Rxc7 Rcxc7 33. Bxc7 Bxb2 34. Bxd6 Ne5 35. Rb1 Nd3 36. Nxf4 Nxf4 37. Rxb2 Nxd5 38. Rb5 Nc3 39. Rxb6 Nxa4 40. Ra6 Rf6 41. Ra8+ Kf7 42. Rxa5 Nb2 43. Be5 Rb6 44. Ra7+ Kg6 45. Bxb2 Rxb2 46. Ra6+ Kg5 47. Ra5+ Kg6 48. g4 1-0


[Site "https://www.chess.com"]

[Event "Titled Tuesday Blitz July 4 Early 2023"]
[White "Gontcharov, Vladislav"]
[Black "Dvirnyy, Danyyil"]
[WhiteFideId "4123492"]
[BlackFideId "817570"]
[WhiteElo "2577"]
[BlackElo "2746"]
[Result "0-1"]
[Round "11"]
[TimeControl "180+2"]
[Date "2023.07.04"]
[WhiteClock "0:00:12"]
[BlackClock "0:01:39"]
[Board "43"]

1. d4 d6 2. e4 Nf6 3. Nc3 e5 4. dxe5 dxe5 5. Qxd8+ Kxd8 6. Bc4 Ke8 7. Bg5 Bd6 8. O-O-O Nbd7 9. Nb5 Nxe4 10. Be3 a6 11. Nxd6+ Nxd6 12. Bb3 Nf5 13. Nf3 Nxe3 14. fxe3 f6 15. Rd5 Ke7 16. Rhd1 b6 17. R5d2 Nc5 18. Bd5 Rb8 19. Bc6 Be6 20. b4 Nb7 21. c4 Nd6 22. Bd5 Bxd5 23. Rxd5 Rhd8 24. c5 Nf5 25. Rxd8 Rxd8 26. Rxd8 Kxd8 27. cxb6 cxb6 28. Kd2 Kc7 29. Kd3 Kc6 30. a4 Nd6 31. Nd2 Kd5 32. e4+ Ke6 33. g4 g6 34. Ke3 b5 35. axb5 axb5 36. Nb1 f5 37. gxf5+ gxf5 38. exf5+ Kxf5 39. Nc3 e4 40. Kd4 Kf4 41. Nd5+ Kf3 42. Kc5 e3 43. Kxd6 e2 44. Kc5 e1=Q 45. Kxb5 Qe2+ 46. Kc5 Qxh2 47. b5 Qb8 48. b6 Qb7 49. Nb4 h5 50. Nd3 h4 51. Ne5+ Ke4 52. Nc6 h3 53. Na5 Qc8+ 54. Kd6 h2 55. b7 Qd8+ 56. Kc6 h1=Q 0-1


[Site "https://www.chess.com"]

[Event "Titled Tuesday Blitz July 4 Early 2023"]
[White "Samunenkov, Ihor"]
[Black "Degenbaev, Aziz"]
[WhiteFideId "14187086"]
[BlackFideId "13802640"]
[WhiteElo "2745"]
[BlackElo "2576"]
[Result "1-0"]
[Round "11"]
[TimeControl "180+2"]
[Date "2023.07.04"]
[WhiteClock "0:00:02"]
[BlackClock "0:00:03"]
[Board "44"]

1. e4 c5 2. Nf3 Nc6 3. Bb5 e6 4. O-O Nge7 5. Re1 a6 6. Bf1 Ng6 7. c4 Be7 8. d4 cxd4 9. Nxd4 O-O 10. Nc3 b6 11. b3 Bb7 12. Be3 Rc8 13. Rc1 Ba3 14. Rc2 Bb4 15. Qc1 Qc7 16. Rd1 Qb8 17. f3 Ba8 18. Nxc6 Bxc6 19. Ne2 Bc5 20. Nd4 Ba8 21. Kh1 Rfd8 22. Bg5 Re8 23. Qd2 Qc7 24. Be3 Red8 25. Qf2 Qe5 26. Rcc1 Bb7 27. Nc2 Qb2 28. Bxc5 bxc5 29. Qe3 Qf6 30. Ne1 e5 31. Nd3 d6 32. b4 Qe7 33. a3 Nf8 34. b5 Ne6 35. a4 Nd4 36. Rb1 f5 37. exf5 Nxf5 38. Qe1 Nd4 39. Qe3 Qf6 40. Be2 Re8 41. Nf2 Qg6 42. Bd3 Qh5 43. Be4 Bxe4 44. Nxe4 axb5 45. Nxd6 bxa4 46. Nxc8 Rxc8 47. Qe4 h6 48. Ra1 Qg5 49. Rxa4 Qd8 50. Raa1 Qc7 51. Re1 Re8 52. Rad1 Kh8 53. Qd5 Qb8 54. Rb1 Qc8 55. Rb7 Rd8 56. Qf7 Rg8 57. Rxe5 Qa8 58. Re1 Qa5 59. Rbb1 Qc3 60. Rbd1 Qc2 61. Rf1 Qc3 62. Qd5 Qe3 63. Rfe1 Qa3 64. Qe4 Qb4 65. Rc1 Qa4 66. h3 Qa3 67. Qe3 Qb4 68. Qc3 Qa4 69. Re4 Qc6 70. Rce1 Qd6 71. Re8 Nf5 72. Rxg8+ Kxg8 73. Qe5 Ng3+ 74. Kh2 Qg6 75. Qxg3 Qd3 76. Re7 Qd4 77. Qe5 1-0


[Site "https://www.chess.com"]

[Event "Titled Tuesday Blitz July 4 Early 2023"]
[White "Tologon tegin, Semetei"]
[Black "Czopor, Maciej"]
[WhiteFideId "13800574"]
[BlackFideId "21805431"]
[WhiteElo "2572"]
[BlackElo "2698"]
[Result "1-0"]
[Round "11"]
[TimeControl "180+2"]
[Date "2023.07.04"]
[WhiteClock "0:00:09"]
[BlackClock "0:00:00"]
[Board "45"]

1. b3 a5 2. Bb2 a4 3. e4 e6 4. h4 a3 5. Bc3 Nf6 6. h5 Nxe4 7. Bd4 c5 8. Be3 h6 9. Nf3 d5 10. d3 Nf6 11. Nbd2 Nc6 12. d4 cxd4 13. Nxd4 Bb4 14. Bd3 Bc3 15. Nxc6 bxc6 16. Rb1 O-O 17. O-O e5 18. Bc5 Re8 19. Be2 e4 20. b4 Nd7 21. Be3 Qf6 22. Nb3 Nf8 23. Nd4 Ne6 24. Nxc6 d4 25. Bd2 Bb2 26. b5 Bb7 27. Bc4 Nf4 28. Qg4 Bxc6 29. bxc6 Qxc6 30. Bxf4 Qxc4 31. Bxh6 d3 32. Rxb2 Qd4 33. Rb4 Qf6 34. Bg5 Qd6 35. Rxe4 dxc2 36. Rc4 Qd3 37. Bh6 g6 38. hxg6 fxg6 39. Rc6 Ra6 40. Rxa6 Qxa6 41. Bc1 Qd3 42. Qg5 Rd8 43. Qf6 Qd6 44. Qc3 Qd1 45. Qb3+ Kg7 46. Be3 1-0


[Site "https://www.chess.com"]

[Event "Titled Tuesday Blitz July 4 Early 2023"]
[White "Papasimakopoulos, Alexandros"]
[Black "Mamedov, Edgar"]
[WhiteFideId "4244125"]
[BlackFideId "13739980"]
[WhiteElo "2684"]
[BlackElo "2560"]
[Result "1/2-1/2"]
[Round "11"]
[TimeControl "180+2"]
[Date "2023.07.04"]
[WhiteClock "0:00:20"]
[BlackClock "0:00:04"]
[Board "46"]

1. e4 c5 2. b4 cxb4 3. a3 d5 4. exd5 Qxd5 5. Nf3 Bg4 6. axb4 Nc6 7. Nc3 Qe6+ 8. Be2 Bxf3 9. gxf3 Nd4 10. O-O Nf6 11. Bb2 Nxe2+ 12. Nxe2 g6 13. Re1 Bg7 14. Ng3 Qb6 15. Ne4 O-O 16. Bxf6 exf6 17. c3 f5 18. Nc5 Qc6 19. Kg2 b6 20. Qa4 Qd5 21. Nb3 Rfd8 22. Rab1 h5 23. Qa6 h4 24. h3 Rd7 25. Re3 Rad8 26. Qe2 Bh6 27. Re8+ Kg7 28. Rxd8 Rxd8 29. d4 Rc8 30. Qd3 a5 31. bxa5 bxa5 32. Nd2 Bxd2 33. Qxd2 Qc4 34. Ra1 Qxc3 35. Qxc3 Rxc3 36. Rxa5 Rd3 37. Ra4 Kf6 38. d5 Rxd5 39. Rxh4 g5 40. Rh6+ Ke5 41. Rh7 f6 42. Kg3 f4+ 43. Kg4 Rd2 44. Re7+ Kd6 45. Re1 Rxf2 46. h4 Rg2+ 47. Kf5 gxh4 48. Rh1 Rg5+ 49. Kxf4 Rh5 50. Kg4 Rh8 51. Kf5 h3 52. Kxf6 Rf8+ 53. Kg5 Rxf3 54. Kg4 Ra3 55. Rxh3 Rxh3 56. Kxh3 1/2-1/2


[Site "https://www.chess.com"]

[Event "Titled Tuesday Blitz July 4 Early 2023"]
[White "Bruedigam, Martin"]
[Black "Fromm, Marius"]
[WhiteFideId "24608033"]
[BlackFideId "12993190"]
[WhiteElo "2563"]
[BlackElo "2682"]
[Result "0-1"]
[Round "11"]
[TimeControl "180+2"]
[Date "2023.07.04"]
[WhiteClock "0:00:43"]
[BlackClock "0:01:19"]
[Board "47"]

1. c4 c5 2. g3 Nc6 3. Bg2 g6 4. Nf3 Bg7 5. O-O d6 6. Nc3 Bf5 7. d3 Qd7 8. Ne1 Bh3 9. Nd5 Bxg2 10. Nxg2 e6 11. Nc3 Nge7 12. Rb1 O-O 13. a3 d5 14. Na4 b6 15. b4 cxb4 16. axb4 Rfd8 17. cxd5 Nxd5 18. Bd2 Qb7 19. Ne3 Rac8 20. Nxd5 exd5 21. e3 Ne5 22. Bc3 d4 23. exd4 Nf3+ 24. Kg2 Ne1+ 25. Kh3 Qg2+ 26. Kg4 h5+ 27. Kf4 Bh6+ 0-1


[Site "https://www.chess.com"]

[Event "Titled Tuesday Blitz July 4 Early 2023"]
[White "Komov, Roman"]
[Black "Demin, Vladimir"]
[WhiteFideId "24175714"]
[BlackFideId "4167457"]
[WhiteElo "2643"]
[BlackElo "2551"]
[Result "1-0"]
[Round "11"]
[TimeControl "180+2"]
[Date "2023.07.04"]
[WhiteClock "0:00:07"]
[BlackClock "0:00:09"]
[Board "48"]

1. e4 e5 2. Nf3 Nc6 3. Bc4 Bc5 4. c3 Nf6 5. d3 a6 6. O-O O-O 7. Nbd2 Ba7 8. h3 h6 9. Re1 Re8 10. Nf1 d5 11. exd5 Nxd5 12. d4 e4 13. N3d2 b5 14. Bb3 Nf6 15. Ng3 Na5 16. Bc2 c5 17. Ndxe4 Bb7 18. Nxc5 Bxc5 19. dxc5 Qc7 20. Be3 Nc4 21. Bd4 Nxb2 22. Qd2 Nc4 23. Qd3 Red8 24. Nh5 Ne5 25. Rxe5 Qxe5 26. Nxf6+ Kf8 27. Nh7+ Kg8 28. Nf6+ Kf8 29. Nh7+ Kg8 30. Bxe5 Rxd3 31. Bxd3 Rd8 32. Bd4 Bd5 33. a4 1-0


[Site "https://www.chess.com"]

[Event "Titled Tuesday Blitz July 4 Early 2023"]
[White "Yelisieiev, Yevhenii"]
[Black "Materia, Marco"]
[WhiteFideId "14139642"]
[BlackFideId "45150451"]
[WhiteElo "2541"]
[BlackElo "2632"]
[Result "0-1"]
[Round "11"]
[TimeControl "180+2"]
[Date "2023.07.04"]
[WhiteClock "0:00:02"]
[BlackClock "0:00:41"]
[Board "49"]

1. d4 Nf6 2. Nf3 d5 3. c4 e6 4. Nc3 Be7 5. Bg5 O-O 6. e3 h6 7. Bh4 b6 8. cxd5 Nxd5 9. Bxe7 Qxe7 10. Nxd5 exd5 11. Be2 Be6 12. O-O Nd7 13. Rc1 c5 14. Qa4 c4 15. b3 a6 16. bxc4 dxc4 17. Rfd1 b5 18. Qc2 Bd5 19. Nd2 Nf6 20. Bf3 Bxf3 21. Nxf3 Rac8 22. Qf5 Qe4 23. Qxe4 Nxe4 24. Nd2 Nxd2 25. Rxd2 c3 26. Rdc2 b4 27. Rb1 a5 28. Kf1 Rb8 29. Ke2 Rfc8 30. Kd3 Kf8 31. e4 Ke7 32. f3 Kd6 33. a3 f5 34. axb4 fxe4+ 35. fxe4 axb4 36. Rb3 Rf8 37. Kc4 Rfc8+ 38. Kd3 Rf8 39. Ra2 Rf1 40. Rc2 Rd1+ 41. Ke3 Re1+ 42. Kd3 Rd1+ 43. Ke3 Kc7 44. Rf2 Rb6 45. Rf7+ Kd8 46. Rf2 Re1+ 47. Kd3 Rd1+ 48. Ke3 Rc6 49. Rc2 Rc4 50. d5 Re1+ 51. Kd3 Rcxe4 52. Rf2 R1e3+ 53. Kc2 Kd7 54. Rb1 Kd6 55. Rd1 Re2+ 56. Rxe2 Rxe2+ 57. Kb3 Rb2+ 58. Kc4 c2 59. Rc1 b3 60. Kc3 Rb1 61. Kd2 Kxd5 0-1


[Site "https://www.chess.com"]

[Event "Titled Tuesday Blitz July 4 Early 2023"]
[White "Pham, Le Thao Nguyen"]
[Black "Niekras, Dawid"]
[WhiteFideId "12401226"]
[BlackFideId "1160451"]
[WhiteElo "2519"]
[BlackElo "2629"]
[Result "1-0"]
[Round "11"]
[TimeControl "180+2"]
[Date "2023.07.04"]
[WhiteClock "0:00:06"]
[BlackClock "0:00:00"]
[Board "50"]

1. d4 Nf6 2. Nf3 g6 3. c4 Bg7 4. Nc3 O-O 5. e4 d6 6. h3 Na6 7. Be3 e5 8. Bd3 exd4 9. Nxd4 Re8 10. O-O Nc5 11. Qc2 a5 12. Rfe1 c6 13. Rad1 Nfd7 14. Bf1 Qb6 15. Nb3 Qc7 16. Nxc5 Nxc5 17. Bd4 f5 18. Bxg7 Kxg7 19. Qd2 fxe4 20. Qd4+ Kg8 21. Nxe4 Nxe4 22. Rxe4 Rxe4 23. Qxe4 Bf5 24. Qd4 Rd8 25. Be2 Be6 26. Bf3 Bf7 27. b3 a4 28. b4 Qe7 29. a3 Qg5 30. Qb6 Qe7 31. Qa5 d5 32. cxd5 Bxd5 33. Bxd5+ cxd5 34. Rxd5 Rxd5 35. Qxd5+ Kg7 36. Qd4+ Kg8 37. Qe3 Qd7 38. h4 b5 39. g3 Qd5 40. Kh2 Qa2 41. Kg2 Qd5+ 42. Qf3 Qc4 43. h5 Kg7 44. hxg6 hxg6 45. Qb7+ Kg8 46. Qb6 Qe4+ 47. Kg1 Qe1+ 48. Kh2 Qe2 49. Qxg6+ Kf8 50. Qf5+ Kg7 51. g4 Qb2 52. g5 Qxa3 53. Qf6+ Kg8 54. g6 1-0


[Site "https://www.chess.com"]

[Event "Titled Tuesday Blitz July 4 Early 2023"]
[White "Palczert, Matyas"]
[Black "Sreyas Payyappat"]
[WhiteFideId "784958"]
[BlackFideId "46674969"]
[WhiteElo "2625"]
[BlackElo "2536"]
[Result "0-1"]
[Round "11"]
[TimeControl "180+2"]
[Date "2023.07.04"]
[WhiteClock "0:00:00"]
[BlackClock "0:00:29"]
[Board "51"]

1. e4 c6 2. d4 d5 3. Nc3 dxe4 4. Nxe4 Nf6 5. Nxf6+ exf6 6. c3 Bd6 7. Bd3 O-O 8. Ne2 Re8 9. O-O h5 10. Nf4 h4 11. Qh5 f5 12. Bxf5 Bxf5 13. Qxf5 Nd7 14. Nh3 Qc7 15. Bf4 Re2 16. Qh5 Rxb2 17. Ng5 Nf6 18. Bxd6 Qd7 19. Qxh4 Qxd6 20. Qh8+ Kxh8 21. Nxf7+ Kg8 22. Nxd6 Nd5 23. Rfb1 Rxb1+ 24. Rxb1 Nxc3 25. Rxb7 Ne2+ 26. Kf1 Nxd4 27. Ke1 a5 28. Rc7 a4 29. Rc8+ Rxc8 30. Nxc8 Kf7 31. Nb6 a3 32. Nc4 Nb5 33. Kd2 Ke6 34. Kc2 Kd5 35. Ne3+ Kd4 36. Nf5+ Kc4 37. Nxg7 Nc3 38. Nf5 Nxa2 39. Nd6+ Kb4 40. Ne4 Kc4 41. h4 Nb4+ 42. Kb1 Kb3 43. Nc5+ Kc4 44. h5 Kxc5 45. h6 a2+ 46. Kb2 Nd3+ 47. Kxa2 Nf4 48. g3 Ng6 49. f4 Kd5 50. Kb3 c5 51. Kc3 Nh8 52. g4 Ke4 0-1


[Site "https://www.chess.com"]

[Event "Titled Tuesday Blitz July 4 Early 2023"]
[White "Domingo Nunez, Ruben"]
[Black "Reprintsev, Alexander"]
[WhiteFideId "22245570"]
[BlackFideId "14100541"]
[WhiteElo "2620"]
[BlackElo "2502"]
[Result "1-0"]
[Round "11"]
[TimeControl "180+2"]
[Date "2023.07.04"]
[WhiteClock "0:00:04"]
[BlackClock "0:00:00"]
[Board "52"]

1. Nf3 d5 2. g3 Nc6 3. Bg2 e5 4. d3 Bg4 5. h3 Bh5 6. a3 Qd7 7. b4 f6 8. Bb2 Nge7 9. Nbd2 a5 10. b5 Nd8 11. a4 Ne6 12. c4 c5 13. cxd5 Nxd5 14. Nc4 Be7 15. O-O Bd8 16. Qb3 Nb4 17. Rac1 Bf7 18. Ncxe5 fxe5 19. Nxe5 Nd4 20. Qd1 Qe7 21. Nxf7 Kxf7 22. e3 Ne6 23. Qf3+ Ke8 24. d4 Rf8 25. Qe4 Ng5 26. Qg4 Qe6 27. dxc5 Qxg4 28. hxg4 Nd3 29. Bxb7 Rb8 30. Bc6+ Ke7 31. Rb1 Nf3+ 32. Kg2 Nd2 33. Rbd1 Nxb2 34. Rxd2 Nxa4 35. Rd7+ Ke6 36. Rfd1 Be7 37. Rc7 Nc3 38. Bd7+ Kf6 39. Rd3 Nxb5 40. Rc6+ Kf7 41. Be6+ Ke8 42. Bd7+ Kf7 43. Be6+ Ke8 44. Rb3 Rf6 45. Rb6 Rxb6 46. cxb6 Nd6 47. Bd5 a4 48. b7 Nxb7 49. Rxb7 Ra6 50. Rb2 a3 51. Ra2 Kd7 52. Bg8 h6 53. f4 Bf6 54. Kf3 Bb2 55. e4 Rc6 56. e5 Rc3+ 57. Kg2 Ke7 58. Kh3 Re3 59. Kh4 Re1 60. g5 Rh1+ 61. Kg4 1-0


[Site "https://www.chess.com"]

[Event "Titled Tuesday Blitz July 4 Early 2023"]
[White "Filgueira, Hernan"]
[Black "Begunov, Konstantin"]
[WhiteFideId "101770"]
[BlackFideId "4118510"]
[WhiteElo "2617"]
[BlackElo "2485"]
[Result "1/2-1/2"]
[Round "11"]
[TimeControl "180+2"]
[Date "2023.07.04"]
[WhiteClock "0:02:00"]
[BlackClock "0:01:13"]
[Board "53"]

1. e4 c5 2. Nf3 d6 3. Nc3 a6 4. d4 cxd4 5. Nxd4 Nf6 6. Be2 e5 7. Nb3 Be7 8. Bg5 Nbd7 9. O-O O-O 10. a4 b6 11. Bf3 Bb7 12. Re1 Qc7 13. Nc1 Bc6 14. Nd3 b5 15. Nb4 bxa4 16. Nxc6 Qxc6 17. Rxa4 Qb7 18. Qa1 Rfb8 19. Rb1 Nc5 20. Rc4 Ne6 21. Bxf6 Bxf6 22. Nd5 Bd8 23. c3 Nc7 24. Ne3 g6 25. b3 Ne6 26. Nd5 Nc7 27. Ne3 Ne6 28. Nd5 Nc7 29. Ne3 1/2-1/2


[Site "https://www.chess.com"]

[Event "Titled Tuesday Blitz July 4 Early 2023"]
[White "Lana Rodriguez, David"]
[Black "Streltsov, Alexey"]
[WhiteFideId "2270803"]
[BlackFideId "24104434"]
[WhiteElo "2612"]
[BlackElo "2471"]
[Result "0-1"]
[Round "11"]
[TimeControl "180+2"]
[Date "2023.07.04"]
[WhiteClock "0:01:30"]
[BlackClock "0:00:24"]
[Board "54"]

1. e4 c6 2. Nf3 d5 3. exd5 cxd5 4. d4 Nf6 5. c3 Bg4 6. Nbd2 e6 7. Bb5+ Nbd7 8. Qa4 a6 9. Bd3 Bd6 10. Ne5 O-O 11. Nxd7 Qxd7 12. Qxd7 Nxd7 13. O-O e5 14. dxe5 Nxe5 15. Bc2 Rac8 16. Nb3 Rfe8 17. h3 Be2 18. Re1 Bd3 19. Bxd3 Nxd3 20. Rd1 Re1+ 21. Rxe1 Nxe1 22. Bf4 Nf3+ 23. gxf3 Bxf4 24. Rd1 Rd8 25. c4 d4 26. Rxd4 Rxd4 27. Nxd4 Be5 28. Nb3 b6 29. c5 bxc5 30. Nxc5 Bxb2 31. Nxa6 g5 32. Kf1 Kg7 33. Ke2 Kg6 34. Kd3 Kh5 35. Nb4 Be5 36. Nc6 Bc7 37. a4 Kh4 38. a5 Kxh3 39. a6 Bb6 40. a7 Bxa7 41. Nxa7 Kg2 42. Ke2 h5 43. Nc6 h4 44. Ne5 f5 45. f4 h3 46. Nf3 g4 47. Ne1+ Kg1 48. f3 g3 49. Nc2 h2 50. Nd4 h1=Q 51. Nxf5 Qg2+ 52. Ke3 Qf2+ 53. Ke4 g2 0-1


[Site "https://www.chess.com"]

[Event "Titled Tuesday Blitz July 4 Early 2023"]
[White "Kukreja Sankalp"]
[Black "Nefedov, Sergey"]
[WhiteFideId "45027676"]
[BlackFideId "24113417"]
[WhiteElo "2441"]
[BlackElo "2601"]
[Result "1/2-1/2"]
[Round "11"]
[TimeControl "180+2"]
[Date "2023.07.04"]
[WhiteClock "0:00:20"]
[BlackClock "0:00:11"]
[Board "55"]

1. e4 d5 2. exd5 Qxd5 3. Nc3 Qd8 4. d4 Nf6 5. Nf3 c6 6. Bc4 Bf5 7. O-O e6 8. Re1 Be7 9. Bf4 O-O 10. h3 Nd5 11. Nxd5 cxd5 12. Bd3 Bg6 13. Ne5 Nc6 14. c3 Nxe5 15. Bxe5 Bd6 16. Bxg6 hxg6 17. Qg4 Bxe5 18. Rxe5 b5 19. h4 a5 20. h5 gxh5 21. Rxh5 g6 22. Re1 Kg7 23. Qg3 Qf6 24. Rh4 Rh8 25. Rf4 Qe7 26. Re3 b4 27. Rff3 Rh5 28. Re5 Rah8 29. Rxh5 Rxh5 30. Qb8 Qh4 31. Rh3 Qg4 32. Rxh5 Qd1+ 33. Kh2 Qxh5+ 34. Kg1 bxc3 35. bxc3 Qd1+ 36. Kh2 Qe2 37. Qe5+ Qxe5+ 38. dxe5 Kh6 39. Kg3 Kg5 40. f4+ Kf5 41. Kf3 g5 42. g3 gxf4 43. gxf4 a4 44. a3 f6 45. exf6 Kxf6 46. Ke3 Kg6 47. Ke2 Kh5 48. Kf3 Kg6 49. Ke2 Kf6 50. Ke3 Ke7 51. Kd3 Kd7 52. c4 Kd6 53. Kd4 dxc4 54. Kxc4 e5 55. f5 e4 56. Kd4 e3 57. Kxe3 Ke5 58. Kd3 Kxf5 59. Kc4 Ke6 60. Kb4 Kd7 61. Kxa4 Kc8 62. Kb5 Kb8 63. Kb6 Ka8 64. a4 Kb8 65. a5 Ka8 66. a6 Kb8 67. a7+ Ka8 68. Ka6 1/2-1/2


[Site "https://www.chess.com"]